 Dungeon Crawl Stone Soup version 0.29.1-1-gd02db6906a (webtiles) character file.

Game seed: 5856387041133061911

210 Ashen the Magician (level 5, 0/38 HPs)
             Began as a Demonspawn Hedge Wizard on Oct 12, 2022.
             Slain by a scorpion (4 damage)
             ... on level 4 of the Dungeon.
             The game lasted 00:10:55 (3744 turns).

Ashen the Magician (Demonspawn Hedge Wizard)        Turns: 3744, Time: 00:10:55

Health: 0/38       AC:  6    Str: 11    XL:     5   Next: 57%
Magic:  0/10       EV: 12    Int: 17    God:
Gold:   116        SH:  0    Dex: 12    Spells: 3/11 levels left

rFire   . . .      SeeInvis .   d - +0 great mace
rCold   . . .      Faith    .   (shield currently unavailable)
rNeg    . . .      Spirit   .   b - +0 robe
rPois   .          Reflect  .   n - +0 helmet
rElec   .          Harm     .   (no cloak)
rCorr   .          Rampage  .   (no gloves)
Will    .....                   (no boots)
Stlth   ++........              (no amulet)
HPRegen 0.12/turn               (no ring)
MPRegen 0.12/turn               (no ring)

@: no status effects
A: icy blue scales 2, powered by death 1
a: no special abilities


You were on level 4 of the Dungeon.
You visited 1 branch of the dungeon, and saw 4 of its levels.

You collected 116 gold pieces.

Inventory:

Hand Weapons
 a - a +0 dagger
 d - a +0 great mace (weapon)
Armour
 b - a +0 robe (worn)
 n - a +0 helmet (worn)
Magical Staves
 i - a staff of fire
 k - a staff of poison
Scrolls
 f - 4 scrolls of teleportation {unknown}
 g - a scroll of butterflies {unknown}
 m - 2 scrolls of fear {unknown}
 o - 2 scrolls of identify {unknown}
Potions
 c - a potion of mutation {unknown}
 e - a potion of might {unknown}
 h - a potion of curing {unknown}
 j - 3 potions of degeneration {unknown}
 l - a potion of attraction {unknown}
 p - a potion of ambrosia {unknown}


   Skills:
 + Level 2.1 Fighting
 + Level 2.8 Dodging
 + Level 3.0 Stealth
 + Level 3.7 Spellcasting
 + Level 2.4 Conjurations
 - Level 1.0 Summonings
 - Level 0.8 Translocations


You had 3 spell levels left.
You knew the following spells:

 Your Spells              Type           Power      Damage    Failure   Level
a - Magic Dart            Conj           44%        1d5       6%          1
b - Call Imp              Summ           6%         N/A       16%         2
c - Blink                 Tloc           12%        N/A       17%         2
d - Mephitic Cloud        Conj/Pois/Air  5%         N/A       34%         3

Your spell library contained the following spells:

 Spells                   Type           Power      Damage    Failure   Level
 Summon Small Mammal      Summ           24%        N/A       11%         1
 Slow                     Hex            12%        N/A       16%         1
 Conjure Flame            Conj/Fire      7%         6-21      30%         3
 Call Canine Familiar     Summ           6%         N/A       32%         3
 Summon Guardian Golem    Hex/Summ       4%         N/A       36%         3
 Fireball                 Conj/Fire      3%         3d4       95%         5
 Starburst                Conj/Fire      3%         6d3       100%        6
 Ignition                 Fire           1%         3d3       100%        8


Dungeon Overview and Level Annotations

Branches:
Dungeon (4/15)
 Temple: D:4-7

Altars:
Dithmenos

Annotations:
D:4 Ijyb


Innate Abilities, Weirdness & Mutations

You are mostly covered in icy blue scales. (AC +3)
You regenerate a little health from kills.


Message History

Aiming: Magic Dart (safe; 6% risk of failure)
Press: ? - help, Shift-Dir - straight line, f/p - scorpion
Aim: a scorpion (moderately wounded, ally target, 100% to hit)
The magic dart hits the scorpion.
The scorpion is heavily wounded.
You feel very sick. The scorpion misses you.
Your crimson imp hits the scorpion.
Casting: Magic Dart (safe; 6% risk of failure)
Confirm with . or Enter, or press ? or * to list all spells.
Aiming: Magic Dart (safe; 6% risk of failure)
Press: ? - help, Shift-Dir - straight line, f/p - scorpion
Aim: a scorpion (heavily wounded, ally target, 100% to hit)
The magic dart hits the scorpion.
The scorpion is severely wounded.
You feel very sick. The scorpion closely misses you.
Your crimson imp hits the scorpion but does no damage.
You feel sick.
The scorpion closely misses your crimson imp.
The scorpion stings your crimson imp.
Your crimson imp hits the scorpion but does no damage.
You feel sick. The scorpion stings your crimson imp.
Your crimson imp barely misses the scorpion.
You feel sick. The scorpion stings your crimson imp!
Your crimson imp dies!
Your crimson imp disappears in a puff of smoke!
You feel sick.
You feel sick.
You feel sick.
You feel sick.
You feel sick.
You are no longer poisoned.
Casting: Magic Dart (safe; 6% risk of failure)
Confirm with . or Enter, or press ? or * to list all spells.
A beastly little devil appears in a puff of frigid air.
The scorpion closely misses you. The scorpion attacks as you move away!
The scorpion stings you.
* * * LOW HITPOINT WARNING * * *
The scorpion attacks as you move away! The scorpion stings you.
You die...

#..........# ....
#..........##+###..#
#..........#)......## .##
#..........#........+....#
##).........##..##...#....+
#...........##..##..##...#
#................>..##...#
##...........s...........#
##<.........##@5##.).....#
#...........##..##.......#
##....#................<.#
######.....##...........#
#.....##..##..######
#.....##..##..##..####
#....>................
##....##..............
#.....##..##..##..##..


You could see a scorpion (ally target) and a friendly white imp (summoned).

Vanquished Creatures
  A phantom (D:4)
  An orc wizard (D:3)
  Robin (D:2)
  3 adders
  A worm (D:2)
  2 dart slugs (D:3)
  4 orcs
  5 ball pythons
  4 bats
  9 endoplasms
  2 giant cockroaches (D:3)
  7 goblins
  4 hobgoblins
  2 kobolds (D:2)
  3 quokkas
  A frilled lizard (D:3)
  A rat (D:2)
51 creatures vanquished.

Vanquished Creatures (collateral kills)
  5 goblins (D:2)
  4 hobgoblins (D:2)
  A kobold (D:3)
10 creatures vanquished.

Grand Total: 61 creatures vanquished

Notes
Turn   | Place    | Note
-------+----------+-------------------------------------------
     0 | D:1      | Ashen the Demonspawn Hedge Wizard began the quest for the
                  | Orb.
     0 | D:1      | Reached XP level 1. HP: 13/13 MP: 4/4
   893 | D:1      | Found a faded altar of an unknown god.
   965 | D:2      | Gained mutation: You are partially covered in icy blue
                  | scales. (AC +2) [demonic ancestry]
   965 | D:2      | Reached XP level 2. HP: 20/20 MP: 1/6
  1264 | D:1      | Learned a level 2 spell: Call Imp
  1267 | D:1      | Learned a level 2 spell: Blink
  1411 | D:2      | Reached skill level 1 in Fighting
  1411 | D:2      | Gained mutation: You are mostly covered in icy blue scales.
                  | (AC +3) [demonic ancestry]
  1411 | D:2      | Reached XP level 3. HP: 24/26 MP: 1/7
  2125 | D:2      | Learned a level 3 spell: Mephitic Cloud
  2158 | D:2      | Noticed Robin
  2449 | D:3      | Gained mutation: You regenerate a little health from kills.
                  | [demonic ancestry]
  2449 | D:3      | Reached XP level 4. HP: 15/32 MP: 0/9
  2758 | D:2      | Killed Robin
  3100 | D:3      | Found a shadowy altar of Dithmenos.
  3523 | D:4      | Noticed a phantom
  3537 | D:4      | Killed a phantom
  3538 | D:4      | Reached XP level 5. HP: 30/38 MP: 3/10
  3635 | D:4      | Noticed Ijyb
  3744 | D:4      | Slain by a scorpion

Illustrated notes

Levels and vault maps discovered:
D:1:      minmay_arrival_four_circles, layout_loops_corners,
          ebering_ecumenical_altar_hall
D:2:      layout_rooms, uniq_robin
D:3:      layout_rooms, nicolae_dithmenos_the_darkroom
D:4:      layout_gridville, elyvilon_altar_3, kennysheep_mini_moat, uniq_ijyb

Skill      XL: |  1  2  3  4  5 |
---------------+----------------+-----
Stealth        | 2 3 |  3.0
Dodging        | 2 |  2.8
Fighting       | 1 2 |  2.1
Conjurations   | 2 |  2.4
Spellcasting   | |  3.7
Summonings     | |  1.0
Translocations | |  0.8

Action                   |  1- 3 |  4- 6 || total
-------------------------+-------+-------++-------
Melee: Dagger            |    49 |     1 ||    50
       Punch             |     1 |       ||     1
       Great mace        |       |    63 ||    63
 Cast: Magic Dart        |    61 |    39 ||   100
       Call Imp          |    12 |     5 ||    17
       Mephitic Cloud    |     1 |     2 ||     3
       Blink             |     1 |       ||     1
  Use: Potion            |     1 |       ||     1
 Stab: Sleeping          |     1 |     2 ||     3
Armor: Robe              |    19 |    39 ||    58
Dodge: Dodged            |    45 |    58 ||   103
